cohdb
Replays
Latest Replays
All Replays
Popular Replays
Top Player Replays
Match Explorer
How It Works
Community
CoH3 Stats
Reddit
Sign in to upload your games and track your stats! →
Sign in with Steam
Match 43515375
Unlisted
Match 43515375
Overview
Messages
Build Orders
End
Royal Engineer Section
Construct Section Command Post
Dingo Light Scout Car
Selects Canadian Shock Battlegroup
Infantry Section
Selects Attacking Spirit
Selects Canadian Shock Section
Canadian Shock Section
Construct Platoon Command Post
Humber Armored Car
Canadian Shock Section
Selects Incendiary Munitions
Selects Pyrotechnics
Infantry Training
Construct Company Command Post
Crusader II Medium Tank
Construct Field Infirmary
Crusader II Medium Tank
Grenade Package
Sekrit Dokuments
Brother
0
0
Comments
sign in to comment!
No comments posted yet!